 Seeded DCSS version 0.30.0-5-g1a98f26d00 (webtiles) character file.

Game seed: 2765268549993459571 (custom seed)

4 hogiebunz the Cudgeller (level 1, 18/18 HPs)
             Began as a Hill Orc Gladiator on May 8, 2023.
             Got out of the dungeon alive.
             The game lasted 00:01:26 (198 turns).

hogiebunz the Cudgeller (Hill Orc Gladiator)         Turns: 198, Time: 00:01:26

Health: 18/18      AC:  4    Str: 16    XL:     1   Next: 70%
Magic:  1/1        EV: 12    Int:  8    God:
Gold:   12         SH:  0    Dex: 12    Spells: 0/0 levels left

rFire   . . .        a - +0 flail
rCold   . . .        (no shield)
rNeg    . . .        b - +0 leather armour
rPois   .            c - +0 helmet
rElec   .            (no cloak)
rCorr   .            (no gloves)
SInv    .            (no boots)
Will    .....        (no amulet)
Stlth   +            (no ring)
HPRegen 0.23/turn    (no ring)
MPRegen 0.07/turn

%: no passive effects
@: no status effects
A: no striking features
a: no special abilities


You escaped.
You visited 1 branch of the dungeon, and saw 2 of its levels.

You collected 12 gold pieces.

Inventory:

Hand Weapons
 a - a +0 flail (weapon)
Missiles
 d - 3 throwing nets (quivered)
 e - a javelin
Armour
 b - a +0 leather armour (worn)
 c - a +0 helmet (worn)
Jewellery
 f - a ring of magical power
Potions
 g - 2 potions of haste {unknown}
 h - a potion of berserk rage {unknown}


   Skills:
 + Level 2.4 Fighting
 + Level 3.5 Maces & Flails
 + Level 1.8 Throwing
 + Level 2.5 Dodging


You couldn't memorise any spells.
You didn't know any spells.
Your spell library contained the following spells:

 Spells                   Type           Power      Damage    Failure   Level
 Beastly Appendage        Tmut           0%         N/A       47%         1
 Wereblood                Tmut           0%         N/A       63%         2
 Gell's Gravitas          Tloc           0%         N/A       85%         3
 Spider Form              Tmut/Pois      0%         N/A       85%         3
 Teleport Other           Tloc           0%         N/A       85%         3
 Dispersal                Tloc           0%         N/A       100%        6


Dungeon Overview and Level Annotations

Branches:
Dungeon (2/15)

Altars:


Message History

Found a stone staircase leading up.
You see here a scroll labelled WIAGED ILUTIGH.
You hit the quokka.
The quokka is severely wounded.
The quokka bites you.
The quokka bites you but does no damage.
You sock the quokka!
You kill the quokka!
You see here a quokka corpse.
A goblin comes into view. It is wielding a +0 club.
Found a hand axe.
The goblin shouts!
A quokka comes into view.
A bat comes into view.
Found a stone staircase leading down.
You thump the quokka!
You kill the quokka!
Found 16 gold pieces.
The bat hits you but does no damage. x2
The goblin hits you but does no damage.
A hobgoblin comes into view.
The hobgoblin shouts!
The bat closely misses you.
The hobgoblin moves out of view.
There is a stone staircase leading up here.
You can't go down here!
The bat misses you. The goblin barely misses you.
You climb upwards.
There is a stone staircase leading down here.
The goblin hits you with a +0 club.
Found a leather armour.
The goblin misses you.
A kobold comes into view. It is wielding a +0 dagger.
Found a metallic purple potion and a scroll labelled TYONUYGA EB SIRUR.
The kobold shouts!
There is a staircase leading out of the dungeon here.
You can't go down here!
Are you sure you want to leave the Dungeon?
This will make you lose the game!
Alright, then stay!
Unknown command.
Are you sure you want to leave the Dungeon?
This will make you lose the game! [Y]es or [N]o only, please.
Are you sure you want to leave the Dungeon?
This will make you lose the game!
You have escaped!

... ..###... ####......#
........# ## .. ##### ...
...##.##.. ......
###.##.....##...
#.....##..(..#..........#
#....#.....@.##.........#
.#.....##....g#..........##
........###.##K....# .....
#...........##.##..##
#...........####....#
#..####......##.....#
.###.#...#.............#
.........#....#..####..###?
#...#..#...#...## ##.!...


You could see a goblin and a kobold.

Vanquished Creatures
  A goblin (D:1)
  2 quokkas (D:2)
  A frilled lizard (D:1)
4 creatures vanquished.

Notes
Turn   | Place    | Note
-------+----------+-------------------------------------------
     0 | D:1      | hogiebunz the Hill Orc Gladiator began the quest for the
                  | Orb.
     0 | D:1      | Reached XP level 1. HP: 18/18 MP: 1/1
   146 | D:1      | You fall into a shaft and drop 1 floor!
   198 | D:$      | Got out of the dungeon alive.

Illustrated notes

Levels and vault maps discovered:
D:1:      erik_arrival_blinker_ship, layout_basic
D:2:      layout_rooms, serial_shops, shop, shop, chequers_big_river,
          uniq_jessica

Action                     || total
---------------------------++-------
  Melee: Flail             ||    10
 Armour: Leather armour    ||     7
  Dodge: Dodged            ||    17
